 Dungeon Crawl Stone Soup version 0.31-a0-588-g14bffd4ff3 (webtiles) character file.

Game seed: 5377766709550809088

21 Conn the Firebug (level 2, 0/17 HPs)
             Began as an Octopode Fire Elementalist on Aug 19, 2023.
             Slain by a kobold
             ... wielding a +0 short sword
              (2 damage)
             ... on level 1 of the Dungeon.
             The game lasted 00:00:59 (373 turns).

Conn the Firebug (Octopode Fire Elementalist)        Turns: 373, Time: 00:01:00

Health: 0/17       AC:  1    Str:  7    XL:     2   Next: 83%
Magic:  1/5        EV: 13    Int: 17    God:
Gold:   25         SH:  0    Dex: 12    Spells: 4/5 levels left

rFire   . . .        b - +0 dagger
rCold   . . .        (no shield)
rNeg    . . .        (helmet restricted)
rPois   .            (no amulet)
rElec   .            (no ring)
rCorr   .            (no ring)
SInv    .            (no ring)
Will    .....        (no ring)
Stlth   +++          (no ring)
HPRegen 0.22/turn    (no ring)
MPRegen 0.09/turn    (no ring)
                     (no ring)

%: no passive effects
@: no status effects
A: almost no armour, amphibious, 8 rings, camouflage 1, gelatinous body 1,
(nimble swimmer 1), tentacles
a: no special abilities


You were on level 1 of the Dungeon.
You visited 1 branch of the dungeon, and saw 1 of its levels.

You collected 25 gold pieces.

Inventory:

Hand Weapons
 b - a +0 dagger (weapon)
Potions
 a - a potion of magic


   Skills:
 + Level 0.2 Fighting
 + Level 2.0 Dodging
 + Level 3.2 Stealth
 + Level 2.1 Spellcasting
 + Level 1.0 Conjurations
 + Level 3.5 Fire Magic


You had 4 spell levels left.
You knew the following spells:

 Your Spells              Type           Power      Damage    Failure   Level
a - Foxfire               Conj/Fire      36%        2x1d5     8%          1

Your spell library contained the following spells:

 Spells                   Type           Power      Damage    Failure   Level
 Scorch                   Fire           26%        2d6       7%          2
 Inner Flame              Hex/Fire       7%         N/A       28%         3
 Volatile Blastmotes      Fire/Tloc      14%        2d11      28%         3
 Flame Wave               Conj/Fire      9%         2d6       58%         4


Dungeon Overview and Level Annotations

Branches:
Dungeon (1/15)

Altars:


Innate Abilities, Weirdness & Mutations

You cannot wear most types of armour.
You are amphibious.
You can wear up to eight rings at the same time.
Your skin changes colour to match your surroundings (Stealth+).
Your rubbery body absorbs attacks. (AC +1, EV +1)
((You are camouflaged when in or above water. (Stealth+)))
You have tentacles for arms and can constrict up to eight enemies at once.


Message History

Confirm with . or Enter, or press ? or * to list all spells.
You don't have enough magic to cast this spell.
Unknown command.
You barely miss the giant cockroach. You grab the giant cockroach.
Your squeeze misses the giant cockroach.
The giant cockroach is heavily wounded.
You constrict the giant cockroach.
The foxfire hits the endoplasm.
You kill the endoplasm!
The foxfire hits the giant cockroach but does no damage.
The giant cockroach is severely wounded.
The giant cockroach barely misses you.
Unknown command.
You hit the giant cockroach.
You kill the giant cockroach!
The foxfire hits the giant cockroach but does no damage.
The foxfire hits the frilled lizard.
You kill the frilled lizard!
Unknown command.
You hit the giant cockroach but do no damage.
You grab the giant cockroach. You constrict the giant cockroach.
The giant cockroach barely misses you. The giant cockroach bites you.
Unknown command.
You hit the giant cockroach. You squeeze the giant cockroach.
You kill the giant cockroach!
Unknown command.
You closely miss the goblin. Your grab misses the goblin.
The goblin hits you with a +0 dagger.
* * * LOW HITPOINT WARNING * * *
Unknown command.
You closely miss the goblin. You grab the goblin. You constrict the goblin.
The goblin hits you with a +0 dagger.
* * * LOW HITPOINT WARNING * * *
Unknown command.
You hit the goblin.
You kill the goblin!
Unknown command.
You closely miss the kobold. You grab the kobold.
You constrict the kobold, but do no damage.
The kobold hits you with a +0 short sword.
You die...

####.#
#..>.####.......
#...........!..#
#....#####......
#...#####.......
##.#.#.#.#.#... .
#.>......§.?.....
##.#.#.#.#.#.....
#......$†@.....#
##.#.#.#.#K#####
#...........#
##.#.#.#.#.##
#.....?..§...
##.#.#.#.#.#.#
.............#
.#.# #"#.#.# #


You could see a kobold.

Vanquished Creatures
  A worm (D:1)
  3 bats (D:1)
  An endoplasm (D:1)
  3 giant cockroaches (D:1)
  3 goblins (D:1)
  A hobgoblin (D:1)
  A ball python (D:1)
  2 frilled lizards (D:1)
  2 kobolds (D:1)
17 creatures vanquished.

Vanquished Creatures (others)
  34 foxfires (D:1)
34 creatures vanquished.

Grand Total: 51 creatures vanquished

Notes
Turn   | Place    | Note
-------+----------+-------------------------------------------
     0 | D:1      | Conn the Octopode Fire Elementalist began the quest for the
                  | Orb.
     0 | D:1      | Reached XP level 1. HP: 11/11 MP: 3/3
   248 | D:1      | Reached XP level 2. HP: 17/17 MP: 5/5
   373 | D:1      | Slain by a kobold

Illustrated notes

Levels and vault maps discovered:
D:1:      dpeg_arrival_brainrot, layout_rooms, chequers_ecumenical_altar_island,
          st_stairs_11, minmay_pentomino_w2

Skill      XL: |  1 |
---------------+----+-----
Stealth        | 3 |  3.2
Fighting       | |  0.2
Dodging        | |  2.0
Spellcasting   | |  2.1
Conjurations   | |  1.0
Fire Magic     | |  3.5

Action                     || total
---------------------------++-------
  Melee: Dagger            ||    22
         Tentacles         ||     5
         Constrict         ||     8
   Cast: Foxfire           ||    19
   Stab: Sleeping          ||     1
 Armour: Skin              ||     3
  Dodge: Dodged            ||    11

Table legend: (Time is in decaauts)
 A = Elapsed time spent in this place.
 B = Non-inter-level travel time spent in this place.
 C = Inter-level travel time spent in this place.
 D = Time resting spent in this place.
 E = Time spent auto-exploring this place.
 F = Levels seen in this place.
 G = Mean time per level.
                   A        B        C        D        E       F      G
               +--------+--------+--------+--------+--------+-----+--------+
         Total |    372 |    372 |      0 |     31 |    214 |   1 |  372.0 |
       Dungeon |    372 |    372 |      0 |     31 |    214 |   1 |  372.0 |
               +--------+--------+--------+--------+--------+-----+--------+

Top non-repeatable levels by time:
     D:1: 372 daAuts
